 Dungeon Crawl Stone Soup version 0.20-a0-949-g916514f (webtiles) character file.

57653 Koga the Severer (level 14, -3/143 HPs)
             Began as a Hill Orc Fighter on Apr 4, 2017.
             Was a High Priest of Beogh.
             Slain by a tarantella (10 damage)
             ... on level 4 of the Spider Nest.
             The game lasted 01:50:17 (23966 turns).

Koga the Severer (Hill Orc Fighter)                Turns: 23966, Time: 01:50:18

Health: -3/143     AC: 12    Str: 21 (24) XL:     14   Next: 87%
Magic:  13/22      EV:  7    Int: 12 (13) God:    Beogh [*****.]
Gold:   571        SH:  0    Dex: 10 (11) Spells: 13/13 levels left

rFire    . . .     SeeInvis +   s - +2 hand axe (freeze)
rCold    . . .     Gourm    +   c - +0 shield
rNeg     . . .     Faith    .   k - +5 chain mail {rPois}
rPois    +         Spirit   .   (helmet restricted)
rElec    .         Reflect  .   A - +0 cloak
rCorr    .         Harm     .   g - +0 pair of gloves
MR       +....     Clarity  +   i - +2 pair of boots "Rahyug Syime" {rPois Int+3 Dex-4}
Stlth    ..........             U - amulet of the gourmand
Regen    0.4/turn               v - +3 ring of evasion
MPRegen  0.2/turn               r - ring of see invisible

@: agile, lethally poisoned (-3 -> -4), exhausted, corroded, held, slowed, very
slow
A: walk on water, antennae 1, hooves 1, clarity, clever 1
a: Smiting, Recall Orcish Followers, Give Item to Named Follower, Renounce
Religion


You were on level 4 of the Spider Nest.
You worshipped Beogh.
Beogh was extremely pleased with you.
You were very hungry.

You visited 4 branches of the dungeon, and saw 20 of its levels.
You also visited: Labyrinth.

You collected 1368 gold pieces.
You spent 797 gold pieces at shops.

Inventory:

Hand Weapons
 m - a +0 shortbow
 s - a +2 hand axe of freezing (weapon)
Missiles
 n - 216 arrows
Armour
 c - a +0 shield (worn)
 g - a +0 pair of gloves (worn)
 i - the +2 pair of boots "Rahyug Syime" (worn) {rPois Int+3 Dex-4}
   (You bought it in a shop on level 2 of the Orcish Mines)

   It affects your intelligence (+3).
   It affects your dexterity (-4).
   It protects you from poison.
 k - a +5 chain mail of poison resistance (worn)
 A - a +0 cloak (worn)
 L - the +2 leather armour of the Ageless Songs {Dex+4}
   (You found it on level 2 of the Spider Nest)

   It affects your dexterity (+4).
Jewellery
 r - a ring of see invisible (right hand)
 v - a +3 ring of evasion (left hand)
 x - the ring "Zoohe Ada" {rN+ Stlth-}
   (You found it in a labyrinth)

   [ring of loudness]

   It protects you from negative energy.
   It makes you less stealthy.
 z - an uncursed ring of protection from magic {unknown}
 T - an uncursed amulet of guardian spirit
 U - an amulet of the gourmand (around neck)
Wands
 J - a wand of random effects (28/48)
 N - a wand of flame (32/48)
Scrolls
 b - 2 scrolls of fear
 o - 2 scrolls of identify
 w - 6 scrolls of remove curse
 B - a scroll of amnesia {unknown}
 C - 2 scrolls of enchant armour
 M - 2 scrolls of vulnerability {unknown}
 R - 4 scrolls of teleportation
Potions
 e - 3 potions of flight
 j - 3 potions of mutation
 q - a potion of invisibility
 G - 2 potions of cancellation {unknown}
 I - a potion of lignification
 P - a potion of might
 Q - a potion of haste
 Z - a potion of brilliance {unknown}
Books
 a - a book of Maledictions

   Spells                             Type                      Level
   a - Corona                         Hexes                        1
   b - Ensorcelled Hibernation        Hexes/Ice                    2
   c - Confuse                        Hexes                        3
   d - Tukima's Dance                 Hexes                        3
   e - Dazzling Spray                 Conjuration/Hexes            3
 d - a book of Clouds

   Spells                             Type                      Level
   a - Poisonous Vapours              Poison/Air                   2
   b - Mephitic Cloud                 Conjuration/Poison/Air       3
   c - Conjure Flame                  Conjuration/Fire             3
   d - Freezing Cloud                 Conjuration/Ice/Air          6
   e - Ring of Flames                 Charms/Fire                  7
 h - a book of Fire

   Spells                             Type                      Level
   a - Ignite Poison                  Fire/Transmutation/Poison    3
   b - Fireball                       Conjuration/Fire             5
   c - Bolt of Fire                   Conjuration/Fire             6
   d - Ring of Flames                 Charms/Fire                  7
   e - Ignition                       Fire                         8
 u - a book of Cantrips

   Spells                             Type                      Level
   a - Confusing Touch                Hexes                        1
   b - Animate Skeleton               Necromancy                   1
   c - Summon Small Mammal            Summoning                    1
   d - Apportation                    Translocation                1
 y - a book of Flames

   Spells                             Type                      Level
   a - Flame Tongue                   Conjuration/Fire             1
   b - Throw Flame                    Conjuration/Fire             2
   c - Conjure Flame                  Conjuration/Fire             3
   d - Inner Flame                    Hexes/Fire                   3
   e - Sticky Flame                   Conjuration/Fire             4
   f - Fireball                       Conjuration/Fire             5
 D - a book of Battle

   Spells                             Type                      Level
   a - Infusion                       Charms                       1
   b - Shroud of Golubria             Charms/Translocation         2
   c - Song of Slaying                Charms                       2
   d - Spectral Weapon                Hexes/Charms                 3
   e - Regeneration                   Charms/Necromancy            3
 E - a book of Misfortune

   Spells                             Type                      Level
   a - Confusing Touch                Hexes                        1
   b - Confuse                        Hexes                        3
   c - Gell's Gravitas                Translocation                3
   d - Petrify                        Transmutation/Earth          4
   e - Metabolic Englaciation         Hexes/Ice                    5
   f - Yara's Violent Unravelling     Hexes/Transmutation          5
 H - a book of Spatial Translocations

   Spells                             Type                      Level
   a - Blink                          Translocation                2
   b - Shroud of Golubria             Charms/Translocation         2
   c - Lesser Beckoning               Translocation                3
   d - Gell's Gravitas                Translocation                3
   e - Teleport Other                 Translocation                3
   f - Passage of Golubria            Translocation                4
 K - a book of Ice

   Spells                             Type                      Level
   a - Ice Form                       Ice/Transmutation            4
   b - Metabolic Englaciation         Hexes/Ice                    5
   c - Ozocubu's Refrigeration        Ice                          6
   d - Bolt of Cold                   Conjuration/Ice              6
   e - Freezing Cloud                 Conjuration/Ice/Air          6
   f - Simulacrum                     Ice/Necromancy               6
 O - the Catalogue of the Assistive Blaze
   (You found it in a labyrinth)

   Spells                             Type                      Level
   a - Infusion                       Charms                       1
   b - Regeneration                   Charms/Necromancy            3
   c - Inner Flame                    Hexes/Fire                   3
   d - Fireball                       Conjuration/Fire             5
   e - Ignition                       Fire                         8
Comestibles
 f - 10 bread rations
 t - 3 fruits
 F - 5 royal jellies


   Skills:
 + Level 18.0 Fighting
 + Level 18.2 Axes
 - Level 12.7 Armour
 - Level 3.2 Shields
 - Level 11.0 Invocations


You had 13 spell levels left.
You didn't know any spells.

Dungeon Overview and Level Annotations

Branches:
Dungeon (10/15)            Temple (0/1) D:6            Lair (4/6) D:8
 Spider (4/4) Lair:3          Orc (2/2) D:10            Elf (0/3) Orc:2
  Swamp: Lair:2-4    Shoals: Lair:2-4

Altars:
Fedhas
Trog
The Shining One
Beogh

Shops:
D:4 ?   D:6 !   D:9 %   D:10 [   Orc:2 [[[=


Innate Abilities, Weirdness & Mutations

You can walk on water.
You have a pair of small antennae on your head.
You have large cloven feet.
You possess an exceptional clarity of mind.
Your mind is acute. (Int +2)


Message History

Orkwin hits the redback with an uncursed glaive of flaming.
Orkwin burns the redback.
The tarantella bites you!
* * * LOW HITPOINT WARNING * * *
You feel momentarily confused.
Arkwar hits the redback with a trident!!
The redback dies!
Beogh accepts your kill.
Beogh blesses Arkwar with healing.
The jumping spider leaps!
The tarantella bites you!
* * * LOW HITPOINT WARNING * * *
You feel momentarily confused.
You struggle to detach yourself from the web.
Orkwin unwields an uncursed glaive of flaming.
It stops flaming.
Orkwin wields a +0 arbalest.
Orkwin shoots a bolt.
The bolt hits the jumping spider!!
The jumping spider dies!
Beogh accepts your kill.
Beogh blesses Orkwin with divine balms and healing.
The tarantella bites you!
You die...

#### ##≈†##
##..(≈# #^..).###
.... ##≈.†≈†≈@##
...## #.≈.##..†s#
....#
##^.†###(o.(#
....# #≈..##
#≈o(†# ....#
##≈.≈# #≈≈o...
....###..(##
[≈#.≈..≈≈
.....###≈.##
..###.... .....#
#≈$.###..# #≈..
..^..####≈...####
...


You could see a tarantella, the friendly Arkwar the orc knight, the friendly
Orkwin the orc knight and the friendly Warrok the orc knight (confused).

Vanquished Creatures
  An orc warlord (Orc:2)
  A ghost moth (Spider:4)
  An entropy weaver (Spider:2)
  A minotaur (Lab)
  Fannar (D:10)
  A hydra (D:9)
  4 two-headed ogres
  An orc high priest (Orc:2)
  Sonja (Orc:2)
  An orc knight (Orc:2)
  3 orb spiders
  2 wolf spiders
  An ugly thing (D:10)
  An orc sorcerer (Orc:2)
  Maurice (D:10)
  4 spiny frogs
  Psyche (D:10)
  2 torpor snails
  4 komodo dragons
  A demonic crawler (Spider:4)
  5 trolls
  3 jumping spiders
  A meliai (Spider:3)
  A minotaur skeleton (Lab)
  2 hornets (D:8)
  6 blink frogs
  Prince Ribbit (D:9)
  3 hippogriffs
  9 redbacks
  5 tarantellas
  A shadow (Lab)
  10 yaks
  5 basilisks
  A hungry ghost (D:7)
  6 water moccasins
  13 orc warriors
  5 porcupines
  3 ice beasts
  A sky beast (D:8)
  4 black bears
  2 phantoms (D:5)
  8 ogres
  A necrophage (D:10)
  A centaur (D:5)
  7 wolves
  8 crocodiles
  A big kobold (D:10)
  A gnoll sergeant (D:7)
  14 bullfrogs
  7 scorpions
  5 killer bees (Spider:3)
  2 spriggan skeletons (Lab)
  An electric eel (Lair:1)
  4 howler monkeys (D:7)
  A bullfrog zombie (D:7)
  2 jellies
  8 orc priests
  2 bullfrog skeletons
  6 hounds
  A centaur skeleton (D:10)
  A gnoll shaman (D:7)
  2 iguanas
  9 orc wizards
  5 worker ants
  An ogre skeleton (Lab)
  A hound zombie (D:6)
  A hound skeleton (D:6)
  2 worker ant zombies
  13 gnolls
  10 adders
  2 shadow imps
  An adder zombie (D:9)
  2 worms
  4 dart slugs
  5 leopard geckos
  28 orcs
  5 giant cockroaches
  8 goblins
  6 hobgoblins
  7 jackals
  14 kobolds
  5 quokkas
  A ball python (D:4)
  8 bats
  5 frilled lizards
  A quokka skeleton (D:7)
  8 rats
  3 fungi
  A plant (D:8)
359 creatures vanquished.

Vanquished Creatures (collateral kills)
  An emperor scorpion (Spider:2)
  2 entropy weavers
  A spark wasp (Spider:4)
  The ghost of crawlian the Devastator, a journeyman TeCj of Vehumet (Spider:1)
  A hydra (Lair:3)
  A two-headed ogre (Orc:2)
  2 orc high priests (Orc:2)
  2 orc knights (Orc:2)
  11 wolf spiders
  3 orc sorcerers (Orc:2)
  17 orb spiders
  A moth of wrath (Spider:4)
  2 torpor snails
  A komodo dragon (Lair:2)
  5 trolls (Orc:2)
  14 demonic crawlers
  A queen bee (Spider:3)
  2 meliai (Spider:3)
  29 jumping spiders
  2 hornets (Spider:3)
  14 tarantellas
  61 redbacks
  2 yaks (D:10)
  13 orc warriors (Orc:2)
  3 sky beasts (D:10)
  3 ogres (Orc:2)
  A crocodile (Lair:2)
  6 killer bees (Spider:3)
  3 wights (D:10)
  2 electric eels
  A wyvern simulacrum (D:10)
  4 orc wizards (Orc:2)
  7 orc priests (Orc:2)
  17 orcs
  A plant (Lair:3)
237 creatures vanquished.

Vanquished Creatures (others)
  An orc warlord (Spider:2)
  An orc high priest (Spider:1)
  8 orc knights
  A wizard (D:10)
  2 orc sorcerers
  13 orc warriors
  7 orc priests
  5 orc wizards
  36 orcs
  11 fungi
  22 plants
107 creatures vanquished.

Grand Total: 703 creatures vanquished

Notes
Turn   | Place    | Note
-------+----------+-------------------------------------------
     0 | D:1      | Koga the Hill Orc Fighter began the quest for the Orb.
     0 | D:1      | Reached XP level 1. HP: 19/19 MP: 1/1
    78 | D:1      | Reached XP level 2. HP: 26/26 MP: 2/2
   920 | D:2      | Reached XP level 3. HP: 29/31 MP: 3/3
  1102 | D:2      | Reached skill level 5 in Axes
  1506 | D:2      | Found a faded altar of an unknown god.
  1513 | D:2      | Reached XP level 4. HP: 39/39 MP: 4/4
  2022 | D:3      | Became a worshipper of Beogh the Brigand
  2109 | D:3      | Found a glowing golden altar of the Shining One.
  2455 | D:3      | Reached XP level 5. HP: 45/45 MP: 5/5
  2479 | D:4      | Found Soadakhe's Magic Scroll Shoppe.
  3239 | D:4      | Reached XP level 6. HP: 43/51 MP: 6/6
  3364 | D:4      | Reached * piety under Beogh
  3606 | D:4      | Reached XP level 7. HP: 74/74 MP: 7/7
  3661 | D:5      | Entered Level 5 of the Dungeon
  4023 | D:5      | Reached XP level 8. HP: 82/82 MP: 8/8
  4609 | D:6      | Found a staircase to the Ecumenical Temple.
  5016 | D:6      | Got a brightly glowing robe
  5027 | D:6      | Identified the +0 robe of Springtime {rF+ rC+ rCorr} (You found it on level 6 of the Dungeon)
  5082 | D:6      | Reached ** piety under Beogh
  5088 | D:6      | Found Gasuaral's Distillery.
  5598 | D:7      | Reached XP level 9. HP: 87/89 MP: 9/9
  5643 | D:7      | Reached skill level 15 in Axes
  5960 | D:8      | Noticed a two-headed ogre
  5972 | D:8      | Killed a two-headed ogre
  5981 | D:8      | Noticed a hornet
  6169 | D:8      | Paralysed by a hornet for 1 turns
  6173 | D:8      | Killed a hornet
  6591 | D:8      | Reached XP level 10. HP: 77/97 MP: 10/10
  7086 | D:8      | Noticed an eight-headed hydra
  7574 | D:8      | Found a staircase to the Lair.
  7979 | D:9      | Found Tuizaist's Food Shop.
  7996 | D:9      | Bought a bread ration for 50 gold pieces
  8053 | D:9      | Noticed a seven-headed hydra
  8134 | D:8      | Gained mutation: Your mind is acute. (Int +2) [potion of mutation]
  8134 | D:8      | Gained mutation: You have large cloven feet. [potion of mutation]
  8134 | D:8      | Gained mutation: You have a pair of small antennae on your head. [potion of mutation]
  8134 | D:8      | Gained mutation: You possess an exceptional clarity of mind. [potion of mutation]
  8337 | Lair:1   | Entered Level 1 of the Lair of Beasts
  8467 | Lair:1   | Reached skill level 5 in Armour
  8569 | Lair:1   | Got a shimmering chain mail
  8580 | Lair:1   | Identified the cursed +1 chain mail "Bemigeur" {SInv} (You found it on level 1 of the Lair of Beasts)
  8627 | Lair:1   | Found a labyrinth entrance.
  8656 | Lab      | Entered a labyrinth
  8695 | Lab      | Reached *** piety under Beogh
 11399 | Lab      | Noticed a minotaur
 11405 | Lab      | Killed a minotaur
 11405 | Lab      | Reached XP level 11. HP: 88/106 MP: 11/11
 11410 | Lab      | Identified the Catalogue of the Assistive Blaze
 11411 | Lab      | Got a heavily runed copper ring
 11881 | Lair:1   | Identified the ring "Zoohe Ada" {rN+ Stlth-} (You found it in a labyrinth)
 12562 | Lair:2   | Reached skill level 1 in Invocations
 13152 | Lair:2   | Noticed a six-headed hydra
 13570 | Lair:3   | Noticed a wolf spider
 13582 | Lair:3   | Killed a wolf spider
 13589 | Lair:3   | Reached skill level 5 in Invocations
 14309 | Lair:3   | Reached XP level 12. HP: 99/115 MP: 16/16
 14911 | Lair:3   | Found a hole to the Spider Nest.
 14996 | Lair:4   | Reached skill level 10 in Armour
 15206 | Lair:4   | Noticed a seven-headed hydra
 15377 | D:9      | Killed a seven-headed hydra
 15612 | D:9      | Found a blossoming altar of Fedhas.
 15971 | D:9      | Noticed Prince Ribbit
 15980 | D:9      | Killed Prince Ribbit
 16025 | D:10     | Entered Level 10 of the Dungeon
 16031 | D:10     | Noticed Psyche
 16051 | D:10     | Killed Psyche
 16390 | D:10     | Found a bloodstained altar of Trog.
 16814 | D:10     | Noticed Fannar
 16823 | D:10     | Killed Fannar
 16916 | D:10     | Noticed a two-headed ogre
 16928 | D:10     | Killed a two-headed ogre
 17160 | D:10     | Found a staircase to the Orcish Mines.
 17182 | D:10     | Noticed Maurice
 17199 | D:10     | Killed Maurice
 17199 | D:10     | Reached skill level 15 in Fighting
 17359 | D:10     | Found Letauho's Armour Emporium.
 17709 | Orc:1    | Entered Level 1 of the Orcish Mines
 17947 | Orc:2    | Entered Level 2 of the Orcish Mines
 17951 | Orc:2    | Reached **** piety under Beogh
 18015 | Orc:2    | Noticed a two-headed ogre
 18022 | Orc:2    | Killed a two-headed ogre
 18034 | Orc:2    | Gained Zorug as an ally
 18103 | Orc:2    | Noticed a two-headed ogre
 18108 | Orc:2    | Killed a two-headed ogre
 18315 | Orc:2    | Your ally Zorug died
 18444 | Orc:2    | Reached XP level 13. HP: 100/127 MP: 17/17
 18447 | Orc:2    | Gained Orkwin as an ally
 18587 | Orc:2    | Found Gerublack's Armour Boutique.
 18811 | Orc:2    | Found a roughly hewn altar of Beogh.
 18811 | Orc:2    | Noticed an orc warlord
 18920 | Orc:2    | Noticed Sonja
 18929 | Orc:2    | Killed Sonja
 19353 | Orc:2    | Found Xyoz Pui's Jewellery Shop.
 19471 | Orc:2    | Gained Harm as an ally
 19538 | Orc:2    | Reached ***** piety under Beogh
 19546 | Orc:2    | Found a staircase to the Elven Halls.
 19604 | Orc:2    | Gained Morun as an ally
 19669 | Orc:2    | Noticed an orc warlord
 19675 | Orc:2    | Killed an orc warlord
 19683 | Orc:2    | Found a roughly hewn altar of Beogh.
 19776 | Orc:2    | Your ally Morun died
 19797 | Orc:2    | Found Lenoudgh's Armour Shoppe.
 19822 | Orc:2    | Bought the +2 pair of boots "Rahyug Syime" {rPois Int+3 Dex-4} for 377 gold pieces
 19933 | Orc:2    | Found Sesaak's Armour Emporium.
 19947 | Orc:2    | Bought a +4 chain mail of poison resistance for 370 gold pieces
 20389 | Spider:1 | Entered Level 1 of the Spider Nest
 20493 | Spider:1 | Noticed crawlian's ghost (journeyman TeCj)
 20497 | Spider:1 | Killed crawlian's ghost
 20796 | Spider:1 | Gained Oreg as an ally
 20802 | Spider:1 | Gained Arkwar as an ally
 20994 | Spider:1 | Reached ****** piety under Beogh
 21616 | Spider:2 | Reached XP level 14. HP: 138/138 MP: 18/21
 21621 | Spider:2 | Noticed an entropy weaver
 21624 | Spider:2 | Noticed an emperor scorpion
 21627 | Spider:2 | Reached skill level 10 in Invocations
 21632 | Spider:2 | Killed an entropy weaver
 21634 | Spider:2 | Killed an emperor scorpion
 21813 | Spider:2 | Gained Berold as an ally
 21906 | Spider:2 | Got a bronze leather armour
 21907 | Spider:2 | Identified the +2 leather armour of the Ageless Songs {Dex+4} (You found it on level 2 of the Spider Nest)
 22281 | Spider:3 | Your ally Oreg died
 22283 | Spider:3 | Gained Bogwald as an ally
 22315 | Spider:3 | Noticed an entropy weaver
 22321 | Spider:3 | Your ally Berold died
 22326 | Spider:3 | Killed an entropy weaver
 22343 | Spider:3 | Gained Jorge as an ally
 23151 | Spider:4 | Entered Level 4 of the Spider Nest
 23185 | Spider:4 | Your ally Jorge died
 23409 | Spider:4 | Your ally Harm died
 23453 | Spider:4 | Gained Warrok as an ally
 23564 | Spider:4 | Your ally Bogwald died
 23878 | Spider:4 | Noticed a ghost moth
 23880 | Spider:4 | Your ally Bogwald died
 23886 | Spider:4 | Killed a ghost moth
 23931 | Spider:4 | Noticed an entropy weaver
 23947 | Spider:4 | Killed an entropy weaver
 23965 | Spider:4 | HP: 7/143 [tarantella (8)]
 23966 | Spider:4 | Slain by a tarantella

Vault maps used:
D:1:      sevenhm_arrival_forest_fort_small_3
D:2:      chequers_ecumenical_altar_simple
D:3:      lemuel_crystal_altar
D:4:      serial_shops, shop, first_bread
D:6:      minmay_temple_entry_fiery, serial_shops, shop_fountains
D:7:      grunt_ogre_cave
D:8:      grunt_lair_entry_orc_guard_hut
D:9:      cheibrodos_elevator_heist, serial_shops, shop, fedhas_altar_1,
          uniq_prince_ribbit1
D:10:     orc_0_dummy, serial_shops, shop_fountains, trog_wizard, uniq_maurice,
          uniq_psyche, uniq_fannar
Lair:1:   lab_entry_generic, nicolae_quartered_pool_little
Lair:2:   minivault_26, grunt_megastairs_4
Lair:3:   spider_nest_entry_funnel_web
Lair:4:   minmay_shoals_entry_lonely_mermaid, cheibrodos_lair_caveside_slide,
          grunt_megastairs_1, serial_bayou_shore_b, lemuel_fruit_tree
Spider:3: nicolae_looking_at_the_future
Spider:4: spider_rune_water
Orc:2:    pubby_orc_utopia, uniq_sonja
Lab:      nicolae_lab_big_swirl, nicolae_lab_x, labyrinth_skeletal_remains,
          lab_hedge, labyrinth_glass_2

Skill      XL: |  1  2  3  4  5  6  7  8  9 10 11 12 13 14 |
---------------+-------------------------------------------+-----
Axes           | 3 4 5 6 8 13 14 16 17 18 | 18.2
Fighting       | 11 12 13 15 16 18 | 18.0
Armour         | 6 9 11 12 | 12.7
Invocations    | 6 9 11 | 11.0
Shields        | |  3.2

Action                   |  1- 3 |  4- 6 |  7- 9 | 10-12 | 13-15 || total
-------------------------+-------+-------+-------+-------+-------++-------
Melee: War axe           |   103 |   205 |   291 |   600 |   106 ||  1305
       Kick              |       |       |       |   148 |    29 ||   177
       Hand axe          |       |       |       |       |   260 ||   260
Invok: Convert to Beogh  |       |     1 |       |       |       ||     1
       Smiting           |       |       |     1 |    10 |     2 ||    13
       Recall Orcish Fol |       |       |       |       |    48 ||    48
       Stop Recall       |       |       |       |       |     1 ||     1
       Give Item to Name |       |       |       |       |     3 ||     3
       Resurrection      |       |       |       |       |     1 ||     1
  Use: Scroll            |       |     8 |     2 |    16 |     6 ||    32
       Potion            |       |     2 |     4 |    10 |     4 ||    20
 Stab: Distracted        |       |       |       |     3 |     6 ||     9
       Paralysed         |       |       |       |       |     5 ||     5
  Eat: Chunk             |     2 |     7 |     9 |     9 |     9 ||    36
       Meat ration       |       |       |     1 |     4 |       ||     5
       Bread ration      |       |       |       |     2 |     1 ||     3
       Fruit             |       |       |       |       |     3 ||     3
Armor: Scale mail        |    10 |       |       |       |       ||    10
       Gold dragon scale |    49 |       |       |       |       ||    49
       Chain mail        |    11 |   109 |   101 |   192 |   275 ||   688
       Robe              |       |       |     2 |       |       ||     2
Dodge: Dodged            |    14 |    66 |    64 |   182 |   167 ||   493
Block: Shield            |    57 |    96 |   103 |   220 |   191 ||   667
